 Dungeon Crawl Stone Soup version 0.27.0-1-g7a089689b8 (webtiles) character file.

Game seed: 7917591624724820281

8668 kobby the Carver (level 11, -7/148 HPs)
             Began as a Naga Fighter on Aug 11, 2021.
             Was a Believer of Cheibriados (penitent).
             Mangled by a death yak (20 damage)
             ... on level 10 of the Dungeon.
             The game lasted 00:29:11 (12492 turns).

kobby the Carver (Naga Fighter)                    Turns: 12492, Time: 00:29:12

Health: -7/148     AC: 17    Str: 19    XL:     11   Next: 34%
Magic:  11/11      EV:  6    Int:  8    God:    Cheibriados [*]
Gold:   353        SH: 12    Dex: 14    Spells: 10/10 levels left

rFire    . . .     SeeInvis +   a - +1 long sword (elec)
rCold    . . .     Faith    .   c - +1 kite shield
rNeg     + . .     Spirit   .   p - +3 chain mail {rN+}
rPois    +         Reflect  .   o - +0 helmet
rElec    .         Harm     .   j - +1 cloak
rCorr    .         Rampage  .   (no gloves)
Will     +....                  (no barding)
Stlth    ..........             (no amulet)
HPRegen  0.34/turn              (no ring)
MPRegen  0.12/turn              (no ring)

@: berserking, studying 2 skills, very slow
A: AC +3, large, see invisible, deformed body, poison resistance, slowness 2,
spit poison 1, naga tail 1
a: Spit Poison, Renounce Religion


You were on level 10 of the Dungeon.
You worshipped Cheibriados.
Cheibriados was demanding penance.
You visited 2 branches of the dungeon, and saw 11 of its levels.

You collected 578 gold pieces.
You spent 225 gold pieces at shops.

Inventory:

Hand Weapons
 a - a +1 long sword of electrocution (weapon)
 m - a +2 short sword of flaming
 t - the +8 quarterstaff of Innocence {holy, *Rage *Slow rPois Dex+8}
   (You found it on level 7 of the Dungeon)

   It has been blessed by the Shining One to cause great damage to the undead
   and demons.
   Dex:       It affects your dexterity (+8).
   rPois:     It protects you from poison.
   *Rage:     It may make you go berserk in combat.
   *Slow:     It may slow you when you take damage.
Armour
 b - a +0 scale mail
 c - a +1 kite shield (worn)
 j - a +1 cloak (worn)
 o - a +0 helmet (worn)
 p - a +3 chain mail of positive energy (worn)
Jewellery
 d - an amulet of faith
 n - an amulet of reflection
Wands
 h - a wand of charming (1)
 k - a wand of iceblast (11)
 q - a wand of polymorph (12)
Scrolls
 e - a scroll of amnesia
 w - a scroll of magic mapping
Potions
 f - 2 potions of resistance
 g - 4 potions of curing
 i - a potion of degeneration
 l - 2 potions of attraction
 r - a potion of flight
 s - a potion of cancellation
 x - a potion of mutation {unknown}
 z - a potion of haste {unknown}


   Skills:
 + Level 6.5 Fighting
 + Level 11.7 Long Blades
 + Level 8.2 Armour
 + Level 3.8 Dodging
 + Level 5.0 Stealth
 + Level 7.3 Shields
 + Level 2.3 Evocations


You had 10 spell levels left.
You didn't know any spells.
Your spell library contained the following spells:

 Spells                   Type           Power      Damage    Failure   Level
 Blink                    Tloc           N/A        N/A       100%        2
 Ensorcelled Hibernation  Hex/Ice        0%         N/A       100%        2
 Slow                     Hex            0%         N/A       100%        2
 Confusing Touch          Hex            0%         N/A       100%        3
 Portal Projectile        Hex/Tloc       0%         N/A       100%        3
 Spider Form              Tmut/Pois      0%         N/A       100%        3
 Tukima's Dance           Hex            0%         N/A       100%        3
 Vampiric Draining        Necr           0%         2d6       100%        3
 Passage of Golubria      Tloc           N/A        N/A       100%        4
 Blade Hands              Tmut           0%         N/A       100%        5
 Excruciating Wounds      Necr           0%         N/A       100%        5
 Manifold Assault         Tloc           0%         N/A       100%        5
 Yara's Violent Unravell  Hex/Tmut       0%         3d3       100%        5
 Shadow Creatures         Summ           N/A        N/A       100%        6
 Storm Form               Tmut/Air       0%         N/A       100%        7


Dungeon Overview and Level Annotations

Branches:
Dungeon (10/15)            Temple (1/1) D:7
   Lair: D:8-11         Orc: D:9-12

Altars:
Ashenzari
Cheibriados
Dithmenos
Elyvilon
Fedhas
Gozag
Hepliaklqana
Kikubaaqudgha
Makhleb
Nemelex Xobeh
Okawaru
Qazlal
Ru
Sif Muna
Trog
Uskayaw
Vehumet
Wu Jian
Xom
Yredelemnul
Zin
The Shining One

Shops:
D:7 *


Innate Abilities, Weirdness & Mutations

Your serpentine skin is tough. (AC +3)
You have supernaturally acute eyesight. (SInv)
Armour fits poorly on your strangely shaped body.
Your system is resistant to poisons. (rPois)
You cover ground very slowly.
You can spit poison.
You have a snake-like lower body.


Message History

The death yak gores you but does no damage.
The death yak gores you!
The death yak gores you but does no damage. x2
Really quaff the potion of berserk rage?
This action would place you under penance!
Uppercase [Y]es or [N]o only, please.
Really quaff the potion of berserk rage?
This action would place you under penance!
A red film seems to cover your vision as you go berserk!
Cheibriados thinks you should slow down.
You feel very guilty.
Cheibriados lowers the support of your attributes as your movement quickens. "You will pay for your transgression, mortal!"
Cheibriados forces you to slow down.
You feel mighty! The death yak gores you!
* * * LOW HITPOINT WARNING * * *
The death yak gores you but does no damage.
You slash the death yak!
The death yak is lightly wounded.
You block the death yak's attack.
You barely miss the death yak.
The death yak is lightly wounded.
You block the death yak's attack. x2
You hit the death yak.
Lightning courses through the death yak!
The death yak is moderately wounded.
You block the death yak's attack.
You slash the death yak!
The death yak is heavily wounded.
The death yak gores you but does no damage.
You block the death yak's attack.
You slash the death yak!
The death yak is severely wounded.
The death yak gores you!
* * * LOW HITPOINT WARNING * * *
The death yak gores you!
* * * LOW HITPOINT WARNING * * *
You slash the death yak!
Lightning courses through the death yak!
The death yak is almost dead.
You block the death yak's attack. The death yak gores you!!
You die...

. ... #...# #.### ......
#...# .. .......##+###
#...######.... ...........#
##...##...#.##.
........รท.# #.........# ..
#..##.#####.+ #.........#
... ............#
##...######
......####'#######...######
............TY@...........#
.............Y............#
..........................#
.. .......................#
# ########################


You could see 2 death yaks and a troll.

Vanquished Creatures
  A centaur warrior (D:8)
  A two-headed ogre (D:9)
  2 death yaks (D:10)
  Joseph (D:8)
  Psyche (D:8)
  A kobold demonologist (D:9)
  2 trolls
  Prince Ribbit (D:9)
  Grinder (D:3)
  A meliai zombie (D:10)
  Eustachio (D:6)
  A wyvern (D:9)
  An acid dragon (D:7)
  3 orc warriors
  4 black bears
  A sky beast (D:7)
  A necrophage (D:5)
  5 centaurs
  A phantom (D:6)
  3 kobold brigands
  5 bullfrogs
  A gnoll sergeant (D:10)
  A scorpion (D:4)
  A water moccasin zombie (D:5)
  6 howler monkeys
  A jelly (D:7)
  A bullfrog skeleton (D:6)
  A gnoll shaman (D:5)
  3 hounds
  2 orc priests (D:9)
  3 iguanas
  3 orc wizards
  A hound zombie (D:5)
  2 hound skeletons
  Robin (D:2)
  11 gnolls
  5 adders
  A white imp (D:7)
  4 worms
  3 dart slugs
  18 orcs
  6 ball pythons
  2 bats (D:3)
  7 endoplasms
  6 giant cockroaches
  13 goblins
  5 hobgoblins
  5 jackals (D:1)
  A quokka (D:4)
  16 kobolds
  3 rats
171 creatures vanquished.

Vanquished Creatures (collateral kills)
  Erolcha (D:9)
  A kobold demonologist (D:9)
  A kobold brigand (D:9)
  A howler monkey (D:9)
  An orc (D:9)
  A kobold (D:9)
6 creatures vanquished.

Vanquished Creatures (others)
  A yak (D:10)
1 creature vanquished.

Grand Total: 178 creatures vanquished

Notes
Turn   | Place    | Note
-------+----------+-------------------------------------------
     0 | D:1      | kobby the Naga Fighter began the quest for the Orb.
     0 | D:1      | Reached XP level 1. HP: 21/21 MP: 1/1
   203 | D:1      | Reached XP level 2. HP: 20/28 MP: 2/2
   368 | D:1      | Found a faded altar of an unknown god.
   565 | D:1      | Reached XP level 3. HP: 27/34 MP: 3/3
   986 | D:2      | Noticed Robin
  1180 | D:2      | Found a radiant altar of Vehumet.
  1330 | D:2      | You fall into a shaft and drop 2 floors!
  1696 | D:4      | Noticed a scorpion
  1703 | D:4      | Killed a scorpion
  1704 | D:4      | Reached skill level 3 in Long Blades
  1704 | D:4      | Reached XP level 4. HP: 11/42 MP: 4/4
  2022 | D:4      | Reached XP level 5. HP: 34/49 MP: 5/5
  2025 | D:4      | Identified a scroll of acquirement
  2025 | D:4      | Acquired a manual of Long Blades
  2217 | D:4      | Noticed a black bear
  2226 | D:4      | Killed a black bear
  2227 | D:4      | Reached skill level 4 in Long Blades
  2227 | D:4      | Reached XP level 6. HP: 35/56 MP: 6/6
  3429 | D:3      | Noticed Grinder
  3441 | D:3      | Killed Grinder
  3442 | D:3      | Reached skill level 5 in Long Blades
  3442 | D:3      | Reached XP level 7. HP: 25/64 MP: 7/7
  3806 | D:2      | Killed Robin
  3807 | D:2      | Reached skill level 6 in Long Blades
  4353 | D:5      | Entered Level 5 of the Dungeon
  4426 | D:5      | Reached skill level 1 in Stealth
  4676 | D:5      | Found a shimmering blue altar of Sif Muna.
  4908 | D:5      | Reached skill level 1 in Dodging
  5273 | D:5      | Reached skill level 7 in Long Blades
  5273 | D:5      | Reached XP level 8. HP: 65/73 MP: 8/8
  5844 | D:6      | Reached skill level 5 in Armour
  6102 | D:6      | Noticed Eustachio
  6124 | D:6      | Killed Eustachio
  6629 | D:6      | Reached skill level 8 in Long Blades
  6948 | D:7      | Reached XP level 9. HP: 69/80 MP: 9/9
  7001 | D:7      | Reached skill level 5 in Fighting
  7153 | D:7      | Found a staircase to the Ecumenical Temple.
  7177 | Temple   | Entered the Ecumenical Temple
  7431 | Temple   | Became a worshipper of Cheibriados the Contemplative
  7505 | D:7      | Found Izih's Assorted Antiques.
  7517 | D:7      | Bought a glowing chain mail for 225 gold pieces
  7801 | D:7      | Identified the +8 quarterstaff of Innocence {holy, *Rage
                  | *Slow rPois Dex+8}
  8039 | D:7      | Reached skill level 5 in Shields
  8401 | D:8      | Noticed Psyche
  8415 | D:8      | Killed Psyche
  8416 | D:8      | Reached skill level 9 in Long Blades
  8790 | D:8      | Noticed a troll
  8799 | D:8      | Killed a troll
  9249 | D:8      | Noticed Joseph
  9264 | D:8      | Killed Joseph
  9264 | D:8      | Reached * piety under Cheibriados
  9711 | D:8      | Noticed a centaur warrior
  9714 | D:8      | Killed a centaur warrior
  9715 | D:8      | Reached skill level 10 in Long Blades
  9715 | D:8      | Reached XP level 10. HP: 91/91 MP: 10/10
  9720 | D:8      | Noticed a two-headed ogre
 10683 | D:9      | Noticed a two-headed ogre
 10689 | D:9      | Killed a two-headed ogre
 11125 | D:9      | Noticed Prince Ribbit
 11140 | D:9      | Killed Prince Ribbit
 11141 | D:9      | Reached skill level 11 in Long Blades
 11459 | D:9      | Noticed Erolcha
 11467 | D:9      | Killed Erolcha
 11467 | D:9      | Reached ** piety under Cheibriados
 11477 | D:9      | Noticed a kobold demonologist
 11481 | D:9      | Killed a kobold demonologist
 11482 | D:9      | Reached skill level 5 in Stealth
 11482 | D:9      | Reached skill level 1 in Evocations
 11482 | D:9      | Noticed a kobold demonologist
 11484 | D:9      | Reached XP level 11. HP: 97/97 MP: 11/11
 11488 | D:9      | Noticed a sun demon
 11878 | D:10     | Entered Level 10 of the Dungeon
 12170 | D:10     | Noticed a death yak
 12170 | D:10     | Noticed a death yak
 12171 | D:10     | Noticed a death yak
 12174 | D:10     | Noticed a death yak
 12175 | D:10     | Killed a death yak
 12184 | D:10     | Killed a death yak
 12486 | D:10     | Was placed under penance by Cheibriados
 12492 | D:10     | Mangled by a death yak

Illustrated notes

Levels and vault maps discovered:
D:1:      amcnicky_arrival_abandoned_market, layout_rooms,
          shapermc_ecumenical_altar_totnotflames, hangedman_feature_mirror
D:2:      layout_loops_ring, basic_altar, uniq_robin
D:3:      layout_loops_ring, nrook_mini_backslash, minmay_checkerbox,
          uniq_grinder
D:4:      layout_loops_cross
D:5:      layout_basic, mainiacjoe_overflow_small_starburst
D:6:      layout_rooms, minmay_crossroads, uniq_eustachio
D:7:      layout_basic, minmay_temple_entry_offerings, serial_shops,
          nicolae_shop_crystal
D:8:      layout_basic, minmay_manual_maat, uniq_psyche, uniq_joseph
D:9:      layout_loops_cross, uniq_erolcha, uniq_prince_ribbit1
D:10:     layout_stronghold, dpeg_lair_monsters
Temple:   nicolae_temple_the_god_donut

Skill      XL: |  1  2  3  4  5  6  7  8  9 10 11 |
---------------+----------------------------------+-----
Long Blades    | 3 4 5 7 8 10 11 | 11.7
Armour         | 3 4 5 7 8 |  8.2
Shields        | 3 4 5 6 7 |  7.3
Fighting       | 4 5 6 |  6.5
Stealth        | 1 2 4 5 |  5.0
Dodging        | 1 2 3 |  3.8
Evocations     | 1 2 |  2.3

Action                   |  1- 3 |  4- 6 |  7- 9 | 10-12 || total
-------------------------+-------+-------+-------+-------++-------
Melee: Long sword        |    98 |   106 |   281 |   131 ||   616
 Abil: Spit Poison       |       |       |     1 |     3 ||     4
Evoke: Wand              |       |       |       |    23 ||    23
  Use: Potion            |     1 |       |     6 |     1 ||     8
       Scroll            |       |     8 |     8 |     9 ||    25
 Stab: Invisible         |       |       |     2 |       ||     2
Armor: Scale mail        |    42 |    50 |   120 |       ||   212
       Skin              |       |       |    64 |       ||    64
       Chain mail        |       |       |    47 |    80 ||   127
Dodge: Dodged            |    23 |    22 |    60 |    38 ||   143
Block: Kite shield       |    47 |    51 |   207 |   133 ||   438
       Rpst.: Long sword |     8 |     7 |    16 |     6 ||    37
